 Dungeon Crawl Stone Soup version 0.30-a0-283-gf371ce1921 (webtiles) character file.

Game seed: 3510500728988279175

773 Harunobu the Trooper (level 7, -10/64 HPs)
             Began as a Minotaur Monk on Oct 17, 2022.
             Mangled by an ice beast (14 damage)
             ... on level 5 of the Dungeon.
             The game lasted 00:06:40 (4347 turns).

Harunobu the Trooper (Minotaur Monk)                Turns: 4347, Time: 00:06:41

Health: -10/64     AC:  9    Str: 18    XL:     7   Next: 53%
Magic:  6/6        EV:  8    Int:  7    God:
Gold:   187        SH:  0    Dex: 12    Spells: 6/6 levels left

rFire   . . .      SeeInvis .    m - +0 dagger (venom)
rCold   . . .      Faith    .    (no shield)
rNeg    . . .      Spirit   .    j - +0 chain mail
rPois   .          Reflect  .    (helmet restricted)
rElec   .          Harm     .    (no cloak)
rCorr   .          Rampage  .    u - +0 pair of gloves
Will    +....                    (no boots)
Stlth   ..........               (no amulet)
HPRegen 0.30/turn                n - ring of flight
MPRegen 0.10/turn                q - ring of willpower

@: flying
A: horns 2, retaliatory headbutt
a: no special abilities


You were on level 5 of the Dungeon.
You visited 1 branch of the dungeon, and saw 5 of its levels.

You collected 187 gold pieces.

Inventory:

Hand Weapons
 m - a +0 dagger of venom (weapon)
Armour
 j - a +0 chain mail (worn)
 u - a +0 pair of gloves (worn)
Jewellery
 n - a ring of flight (left hand)
 q - a ring of willpower (right hand)
Wands
 b - a wand of roots (6)
 p - a wand of flame (32)
Scrolls
 d - a scroll of magic mapping {unknown}
 e - a scroll of torment {unknown}
 f - a scroll of acquirement {unknown}
 k - a scroll of vulnerability {unknown}
 l - a scroll of blinking {unknown}
 o - 6 scrolls of identify {unknown}
 r - a scroll of immolation {unknown}
 s - 3 scrolls of amnesia {unknown}
 t - a scroll of poison {unknown}
 v - a scroll of noise {unknown}
 x - a scroll of fear {unknown}
 y - a scroll of enchant armour {unknown}
Potions
 a - a potion of invisibility {unknown}
 c - a potion of ambrosia
 g - a potion of haste {unknown}
 h - 2 potions of resistance {unknown}
 i - 4 potions of curing
 w - a potion of attraction {unknown}


   Skills:
 + Level 6.8 Fighting
 - Level 3.6 Maces & Flails
 + Level 6.2 Dodging
 + Level 4.6 Stealth


You had 6 spell levels left.
You didn't know any spells.
Your spell library contained the following spells:

 Spells                   Type           Power      Damage    Failure   Level
 Magic Dart               Conj           0%         1d3       100%        1
 Cigotuvi's Dreadful Rot  Necr/Pois/Air  0%         N/A       100%        2
 Poisonous Vapours        Pois/Air       0%         N/A       100%        2
 Searing Ray              Conj           0%         2d4       100%        2
 Mephitic Cloud           Conj/Pois/Air  0%         N/A       100%        3
 Fulminant Prism          Conj/Hex       0%         3d6       100%        4


Dungeon Overview and Level Annotations

Branches:
Dungeon (5/15)
 Temple: D:4-7

Altars:
Elyvilon
Gozag
Makhleb
Wu Jian
Xom
Yredelemnul
Zin

Shops:
D:1 (


Innate Abilities, Weirdness & Mutations

You have a pair of horns on your head.
You reflexively headbutt those who attack you in melee.


Message History

You kill the orc!
The orc attacks as you move away! The orc hits you but does no damage.
The orc attacks as you move away! The orc hits you with a +0 hand axe.
You hit the orc.
The orc is poisoned.
The orc is heavily wounded.
The orc hits you but does no damage.
You hit the orc but do no damage.
The orc looks as sick as possible!
You headbutt the orc.
You kill the orc!
You hit the orc but do no damage.
The orc is poisoned.
You headbutt the orc.
The orc is almost dead.
You kill the orc!
The ice beast hits you. The ice beast freezes you!
Items here: )) [[ †.
You barely miss the ice beast. The ice beast hits you.
The ice beast freezes you!
You hit the ice beast but do no damage.
The ice beast hits you but does no damage.
You hit the ice beast but do no damage.
The ice beast hits you but does no damage.
The ice beast attacks as you move away! The ice beast hits you.
The ice beast freezes you!
* * * LOW HITPOINT WARNING * * *
You barely miss the ice beast.
The ice beast hits you but does no damage.
You closely miss the ice beast. The ice beast barely misses you.
You hit the ice beast.
The ice beast is poisoned.
The ice beast is lightly wounded.
The ice beast hits you but does no damage.
Found an escape hatch in the ceiling.
The ice beast attacks as you move away! The ice beast hits you.
* * * LOW HITPOINT WARNING * * *
The ice beast freezes you!
* * * LOW HITPOINT WARNING * * *
The ice beast attacks as you move away!
The ice beast hits you but does no damage.
The ice beast attacks as you move away! The ice beast hits you.
* * * LOW HITPOINT WARNING * * *
The ice beast freezes you!
You die...

......###..##
......###### ......#.#
###.#.#.# # ### #.#.#.#
#.#.. #.#.#.######.#.#
#.#.#.##.....#.#
#.#...# ##....# #.#####
#....@# #.# #####Y# #.#
. #.# #.##########.#.#
###.........##.#.######
............#........<#
.............###.####.#
..............<#.#
........♣'♣♣♣+♣#.#


You could see an ice beast (poisoned).

Vanquished Creatures
  Sigmund (D:2)
  The ghost of tensugalgo the Trooper, an amateur VSFi (D:3)
  An ice beast (D:3)
  A scorpion (D:4)
  A necrophage (D:5)
  A hound (D:5)
  A jelly (D:4)
  An orc priest (D:3)
  An iguana (D:5)
  An orc wizard (D:4)
  A scorpion zombie (D:3)
  A hound skeleton (D:5)
  A gnoll (D:2)
  3 adders
  An adder zombie (D:3)
  2 dart slugs
  15 orcs
  5 endoplasms
  2 giant cockroaches
  7 goblins
  8 hobgoblins
  3 quokkas
  8 ball pythons
  4 bats
  2 frilled lizards
  6 kobolds
  4 rats
83 creatures vanquished.

Vanquished Creatures (others)
  6 demonic plants (D:3)
  3 fungi (D:3)
  3 plants (D:3)
  4 withered plants (D:3)
16 creatures vanquished.

Grand Total: 99 creatures vanquished

Notes
Turn   | Place    | Note
-------+----------+-------------------------------------------
     0 | D:1      | Harunobu the Minotaur Monk began the quest for the Orb.
     0 | D:1      | Reached XP level 1. HP: 19/19 MP: 0/0
   358 | D:1      | Found Qypeop's Weapon Emporium.
   534 | D:1      | Reached XP level 2. HP: 27/27 MP: 1/1
  1148 | D:2      | Noticed Sigmund
  1190 | D:3      | Found an opulent altar of Gozag.
  1213 | D:3      | Found a runed translucent gate.
  1213 | D:3      | Found a runed translucent gate.
  1213 | D:3      | Found a runed translucent gate.
  1213 | D:3      | Noticed tensugalgo's ghost (amateur VSFi)
  1256 | D:3      | Reached XP level 3. HP: 33/33 MP: 2/2
  1282 | D:3      | Found a basalt altar of Yredelemnul.
  1299 | D:3      | Noticed an ogre
  1376 | D:4      | Reached XP level 4. HP: 6/41 MP: 3/3
  1379 | D:4      | HP: 2/41 [poisoned by an adder]
  1562 | D:3      | Found a white marble altar of Elyvilon.
  1624 | D:3      | HP: 2/41 [orc priest/divine providence (9)]
  1852 | D:3      | Found a faded altar of an unknown god.
  1914 | D:3      | Noticed an ice beast
  1927 | D:3      | HP: 2/41 [ice beast (8)]
  1929 | D:3      | Killed an ice beast
  1930 | D:3      | Reached skill level 5 in Fighting
  1930 | D:3      | Reached XP level 5. HP: 4/48 MP: 4/4
  2385 | D:2      | Found an ornate altar of the Wu Jian Council.
  2425 | D:2      | Killed Sigmund
  2426 | D:2      | Reached skill level 5 in Dodging
  2426 | D:2      | Reached XP level 6. HP: 50/57 MP: 5/5
  2961 | D:3      | Killed tensugalgo's ghost
  3151 | D:4      | Reached XP level 7. HP: 18/63 MP: 6/6
  3595 | D:4      | Found a glowing silver altar of Zin.
  3902 | D:4      | Found a shimmering altar of Xom.
  4053 | D:5      | Entered Level 5 of the Dungeon
  4129 | D:5      | Found a burning altar of Makhleb.
  4302 | D:5      | Found an ornate altar of the Wu Jian Council.
  4347 | D:5      | Mangled by an ice beast

Illustrated notes

Levels and vault maps discovered:
D:1:      lemuel_arrival_rhombus, layout_loops_ring, serial_shops,
          nicolae_shop_bloodbath_and_beyond, serial_forest,
          infiniplex_forest_straight_2, infiniplex_forest_clump_long,
          infiniplex_forest_zigzag_1, infiniplex_forest_lined_corner,
          infiniplex_forest_zigzag_1, infiniplex_forest_clump_curved,
          infiniplex_forest_corner_1, skrybe_limestone_x
D:2:      layout_loops_ring, basic_altar, minmay_small_reverse_x, uniq_sigmund
D:3:      layout_rooms, nicolae_yredelemnul_ghost_church, grunt_gozag_statues,
          elyvilon_altar_1, shapermc_ecumenical_altar_gd
D:4:      layout_cave_pools, marbit_many_paths, zin_treasury
D:5:      layout_basic, makhleb_blood_cavern_becter,
          mainiacjoe_overflow_six_doors_small, minmay_misc_feat_encased,
          dk_noncrumbling_3, kennysheep_generic_room_15

Skill      XL: |  1  2  3  4  5  6  7 |
---------------+----------------------+-----
Stealth        | 2 3 4 |  4.6
Fighting       | 4 5 6 |  6.8
Dodging        | 4 5 6 |  6.2
Maces & Flails | |  3.6

Action                   |  1- 3 |  4- 6 |  7- 9 || total
-------------------------+-------+-------+-------++-------
Melee: Mace              |    60 |     5 |       ||    65
       Headbutt          |    13 |    26 |    14 ||    53
       Dagger            |       |   106 |    80 ||   186
  Use: Potion            |       |     1 |       ||     1
 Stab: Sleeping          |     1 |       |       ||     1
Armor: Robe              |     1 |       |       ||     1
       Chain mail        |    31 |    55 |    47 ||   133
Dodge: Dodged            |    33 |    50 |    29 ||   112

Table legend: (Time is in decaauts)
 A = Elapsed time spent in this place.
 B = Non-inter-level travel time spent in this place.
 C = Inter-level travel time spent in this place.
 D = Time resting spent in this place.
 E = Time spent auto-exploring this place.
 F = Levels seen in this place.
 G = Mean time per level.
                   A        B        C        D        E       F      G
               +--------+--------+--------+--------+--------+-----+--------+
         Total |   4361 |   4238 |    123 |   1245 |   2132 |   5 |  872.2 |
       Dungeon |   4361 |   4238 |    123 |   1245 |   2132 |   5 |  872.2 |
               +--------+--------+--------+--------+--------+-----+--------+

Top non-repeatable levels by time:
     D:3: 1181 daAuts
     D:4: 1119 daAuts
     D:1: 1063 daAuts
     D:2: 703 daAuts
     D:5: 293 daAuts
